Map: Oxide LE

Players

Nice

  • Race: Protoss Protoss

Has - Winner!

  • Race: Protoss Protoss

Event: DreamHack SC2 Masters 2021 Fall

VOD

Have the link to the VOD?

Description

Time

  • Played on: July 31, 2021, 9:56 a.m.
  • Length: 4:49

All games in this series

Show
View Real Time Build Order
Export as new Build Order

Nice Protoss 

Build Orders: 1 Gate Expand 

Get SALT Encoding   

  12  0:00  Probe  
  13  0:12  Probe  
  14  0:19  Pylon  
  14  0:24  Probe  
  15  0:37  Probe (Chrono Boost)  
  15  0:38  Gateway  
  16  0:47  Assimilator  
  16  0:48  Probe (Chrono Boost)  
  17  0:52  Probe (Chrono Boost)  
  18  1:03  Probe  
  19  1:15  Probe  
  20  1:26  Nexus  
  20  1:33  Cybernetics Core  
  20  1:37  Zealot (Chrono Boost)  
  22  1:42  Probe  
  23  1:49  Pylon  
  23  1:55  Pylon  
  23  2:07  Stalker (Chrono Boost)  
  24  2:09  Assimilator  
  25  2:16  Gateway  
  25  2:20  Shield Battery  
  25  2:23  Warp Gate (Chrono Boost)  
  25  2:30  Stalker (Chrono Boost)  
  27  2:38  Shield Battery  
  25  2:51  Stalker (Chrono Boost)  
  27  2:59  Shield Battery  
  27  3:01  Shield Battery  
  27  3:18  Stalker  
  29  3:20  Stalker  
  29  3:22  Gateway  
  31  3:27  Shield Battery  
  31  4:02  Probe x2  
  33  4:04  Stalker x2  
  33  4:09  Shield Battery, Pylon  
  29  4:24  Stalker  
Show
View Real Time Build Order
Export as new Build Order

Has Protoss - Winner!

Build Orders: Proxy Void Ray 

Get SALT Encoding   

  12  0:10  Pylon  
  12  0:12  Probe  
  13  0:28  Gateway  
  13  0:31  Probe  
  14  0:38  Assimilator  
  14  0:43  Probe  
  14  0:48  Assimilator  
  15  0:55  Probe  
  16  1:07  Probe  
  17  1:16  Cybernetics Core, Zealot  
  19  1:20  Probe  
  20  1:33  Pylon  
  20  1:35  Probe  
  21  1:53  Adept (Chrono Boost), Stargate  
  23  2:04  Shield Battery  
  23  2:27  Pylon  
  23  2:31  Void Ray (Chrono Boost)  
  27  2:49  Shield Battery  
  27  2:50  Shield Battery  
  25  3:01  Void Ray (Chrono Boost)  
  28  3:28  Shield Battery x2  
  28  3:29  Void Ray (Chrono Boost)  
  28  3:31  Shield Battery  
  32  3:45  Shield Battery  
  32  4:01  Shield Battery  
  32  4:04  Void Ray  

Tags
 
Add a new tag
Caveats
  • Supply blocks, unpowered buildings, or Contaminate may cause inaccurate times.
  • Supply counts are checked every 10 seconds.